Map: Zen LE

Players

Yayo

  • Race: Terran Terran
  • League: Gold
  • Spawn Location: 1:00

Ratl - Winner!

  • Race: Protoss Protoss
  • League: Silver
  • Spawn Location: 7:00

VOD

Have the link to the VOD?

Description

Time

  • Played on: Jan. 10, 2020, 9:02 p.m.
  • Length: 11:45
Show
View Real Time Build Order
Export as new Build Order

Yayo Terran 

Build Orders:  

Get SALT Encoding   

  12  0:03  SCV  
  13  0:22  SCV, Supply Depot  
  14  0:34  SCV  
  15  0:46  SCV  
  16  0:53  Barracks  
  16  0:57  Refinery  
  16  0:58  SCV  
  17  1:04  Refinery  
  17  1:10  SCV  
  18  1:22  SCV  
  19  1:35  SCV  
  20  1:42  Supply Depot  
  20  1:45  Engineering Bay  
  20  1:54  Marine  
  21  2:24  Factory  
  21  2:31  Missile Turret  
  21  2:36  SCV  
  22  2:48  SCV  
  23  2:59  Command Center  
  23  3:00  SCV  
  24  3:11  Bunker, Barracks Tech Lab  
  24  3:13  Barracks Reactor  
  22  3:43  Widow Mine  
  23  4:08  Widow Mine  
  21  4:19  Marine  
  21  4:29  Widow Mine  
  22  4:37  Marine  
  16  5:02  Widow Mine  
  15  5:20  Bunker  
  15  5:22  Marine  
  15  5:24  Widow Mine  
  18  5:40  Marine  
  19  5:44  Starport  
  19  5:50  Orbital Command  
  19  5:51  Supply Depot  
  19  5:58  Marine  
  20  6:10  Factory Tech Lab  
  20  6:30  Siege Tank  
  23  6:37  Starport Tech Lab  
  23  6:42  SCV, Fusion Core  
  24  6:54  SCV  
  24  6:57  SCV  
  24  7:00  Starport  
  26  7:02  Siege Tank  
  26  7:06  SCV  
  30  7:09  SCV  
  31  7:19  SCV  
  31  7:21  SCV  
  33  7:34  SCV  
  33  7:36  Refinery  
  34  7:44  Starport Tech Lab  
  34  7:55  Battlecruiser  
  34  7:57  SCV  
  41  8:05  SCV  
  42  8:18  SCV  
  43  8:30  SCV  
  47  8:42  SCV  
  47  8:44  Liberator  
  48  8:53  Starport  
  48  8:54  SCV  
  49  9:14  Supply Depot  
  55  9:31  Battlecruiser  
  55  9:33  Starport Tech Lab  
  55  9:43  Supply Depot  
  55  9:46  Refinery  
  55  9:47  SCV  
  56  9:59  SCV  
  57  10:11  SCV  
  58  10:16  Battlecruiser  
  64  10:24  SCV  
  65  10:32  Command Center  
  65  10:36  SCV  
  72  10:48  SCV  
  73  10:57  Siege Tank  
  73  11:00  SCV  
Show
View Real Time Build Order
Export as new Build Order

Ratl Protoss - Winner!

Build Orders:  

Get SALT Encoding   

  12  0:01  Probe  
  13  0:13  Probe  
  14  0:18  Pylon  
  14  0:25  Probe (Chrono Boost)  
  15  0:37  Probe (Chrono Boost)  
  16  0:42  Probe (Chrono Boost)  
  16  0:43  Gateway  
  17  0:55  Probe  
  18  0:57  Assimilator  
  18  1:07  Probe  
  18  1:08  Gateway  
  19  1:19  Probe  
  20  1:26  Assimilator  
  20  1:31  Probe  
  21  1:36  Cybernetics Core  
  21  1:43  Probe  
  21  1:45  Pylon  
  22  1:55  Probe  
  23  2:07  Probe  
  24  2:16  Warp Gate (Chrono Boost)  
  24  2:17  Stalker x2  
  24  2:19  Probe  
  29  2:29  Robotics Facility  
  29  2:31  Probe  
  29  2:50  Probe  
  30  2:52  Pylon  
  30  3:02  Probe  
  31  3:12  Nexus  
  31  3:14  Probe, Stalker  
  34  3:21  Stalker  
  34  3:26  Probe  
  37  3:38  Probe  
  38  3:50  Probe  
  39  4:13  Pylon  
  39  4:14  Probe  
  38  4:23  Pylon  
  38  4:24  Pylon  
  38  4:26  Probe  
  39  4:39  Observer  
  40  4:54  Probe  
  40  4:55  Probe  
  40  5:14  Probe x2  
  42  5:26  Probe  
  42  5:27  Probe  
  44  5:38  Probe, Assimilator  
  44  5:39  Twilight Council  
  45  5:43  Shield Battery  
  45  5:46  Assimilator  
  45  5:55  Forge  
  45  5:56  Forge  
  45  5:59  Gateway  
  45  6:00  Probe x2  
  45  6:01  Gateway  
  45  6:03  Warp Prism  
  49  6:12  Probe x2  
  51  6:24  Probe  
  52  6:26  Stalker x2  
  56  6:33  Blink (Chrono Boost)  
  56  6:39  Immortal  
  60  6:40  Protoss Ground Weapons Level 1 (Chrono Boost), Protoss Ground Armor Level 1 (Chrono Boost)  
  60  6:48  Probe x2  
  62  6:57  Stalker x3  
  62  6:58  Stalker  
  62  7:00  Probe x2  
  72  7:18  Immortal  
  76  7:26  Probe x2  
  78  7:30  Nexus  
  78  7:33  Assimilator  
  78  7:37  Assimilator  
  78  7:41  Pylon  
  78  7:43  Pylon  
  78  7:47  Pylon  
  78  7:52  Pylon  
  78  7:59  Probe x2, Immortal  
  78  8:01  Pylon  
  84  8:08  Pylon  
  84  8:10  Pylon, Stalker  
  84  8:11  Probe, Stalker x3  
  93  8:21  Charge (Chrono Boost)  
  93  8:25  Robotics Bay  
  93  8:31  Photon Cannon  
  93  8:33  Shield Battery  
  93  8:37  Probe x2  
  93  8:38  Immortal  
  99  8:49  Probe x2  
  101  9:01  Probe x2  
  103  9:13  Probe  
  104  9:17  Immortal  
  108  9:32  Stalker  
  108  9:33  Stalker x3  
  116  9:46  Gateway x2  
  116  9:51  Gateway  
  116  9:52  Probe x3  
  119  9:57  Immortal  
  119  9:59  Gateway  
  123  10:00  Gateway  
  123  10:04  Probe  
  124  10:14  Stalker x4  
  124  10:17  Nexus  
  124  10:18  Pylon  
  132  10:21  Pylon  
  132  10:26  Pylon  
  132  10:29  Assimilator  
  132  10:32  Assimilator  
  132  10:41  Warp Prism  
  134  11:11  Zealot x3  
Tags
 
Matchup
PvT
Spawn Locations
Cross Positions
Add a new tag
Caveats
  • Supply blocks, unpowered buildings, or Contaminate may cause inaccurate times.
  • Supply counts are checked every 10 seconds.